AoeStats
← 沒起房子我日

Fortress

507372373Analyzed
4v4 RM · 15d ago on Sep 17, 2026· 40m 50s· 8 players
Game mode
Random Map
Map size
Huge
Population
200
Speed
Normal
Resources
Standard
Victory
Conquest
Starting age
Dark Age
Ending age
Imperial Age
RankedLock teamsTeams togetherTeam positionsShared explorationLock speedFull tech treeHidden civsTurbo modeCheats
Victory
Defeat
🇹🇷 Wu · Türkiye
1628
+10
🇹🇷 Britons · Türkiye
1595
+11
🇺🇸 Japanese · United States
1491
+16
🇨🇦 Georgians · Canada
1357
+21
🇩🇿 Chinese · Algeria
1549
-17
🇪🇸 Vietnamese · Spain
1499
-15
🇨🇳 Mongols · China
1457
-13
🇹🇼 Khmer · Taiwan
1437
-13
Borya
7:35 Feudal Age
8:04 Feudal Age
11:52 Castle Age
9:52 Double-Bit Axe
10:12 Horse Collar
10:47 Gold Mining
12:19 Wheelbarrow
13:22 Loom
15:06 Hand Cart
14:38 Town Watch
15:23 Bow Saw
15:15 Heavy Plow
28:04 Crossbowman
29:08 Fletching
30:23 Stone Mining
30:42 Bodkin Arrow
31:19 Thumb Ring
31:15 Padded Archer Armor
32:25 Leather Archer Armor
34:01 Stone Shaft Mining
38:17 Imperial Age
37:50 Ballistics
39:00 Bracer
40:06 Chemistry
木薯大王
6:38 Feudal Age
10:18 Castle Age
8:23 Double-Bit Axe
8:56 Horse Collar
13:30 Bow Saw
18:03 Wheelbarrow
17:58 Gold Mining
18:59 Heavy Plow
19:21 Fletching
20:34 Bodkin Arrow
21:35 Ballistics
22:33 Gold Shaft Mining
22:14 Padded Archer Armor
26:08 Imperial Age
24:13 Hand Cart
23:58 Loom
23:58 Town Watch
25:52 Leather Archer Armor
26:14 Stone Mining
26:43 Bloodlines
26:34 Husbandry
26:41 Thumb Ring
28:00 Chemistry
27:14 Bracer
28:17 Conscription
28:49 Elite Mangudai
30:37 Light Cavalry
31:32 Forging
31:28 Scale Barding Armor
32:51 Iron Casting
31:38 Hussar
33:39 Chain Barding Armor
35:29 Blast Furnace
38:13 Caravan
沒起房子我日
7:03 Feudal Age
7:32 Feudal Age
10:19 Castle Age
8:15 Double-Bit Axe
8:48 Horse Collar
11:46 Bow Saw
15:13 Wheelbarrow
16:23 Heavy Plow
18:37 Hand Cart
23:31 Imperial Age
20:48 Loom
21:33 Husbandry
21:49 Gold Mining
21:51 Stone Mining
22:15 Bloodlines
22:47 Scale Barding Armor
23:52 Chain Barding Armor
24:13 Gold Shaft Mining
24:07 Forging
24:35 Conscription
26:01 Plate Barding Armor
25:54 Fletching
25:53 Elite Ballista Elephant
27:16 Ballistics
27:56 Chemistry
28:18 Double Crossbow
29:18 Crop Rotation
28:47 Pikeman
29:28 Scale Mail Armor
30:04 Iron Casting
31:09 Coinage
30:17 Halberdier
32:33 Siege Engineers
35:22 Banking
34:53 Caravan
34:23 Light Cavalry
35:12 Hussar
36:56 Blast Furnace
36:23 Town Watch
36:55 Bodkin Arrow
󠀡󠀡
0:27 Loom
8:23 Feudal Age
9:16 Double-Bit Axe
12:04 Castle Age
9:46 Horse Collar
13:53 Wheelbarrow
13:32 Bow Saw
18:40 Fervor
20:27 Fletching
20:49 Stone Mining
21:06 Bodkin Arrow
21:47 Masonry
22:34 Padded Archer Armor
22:34 Elite Skirmisher
23:35 Leather Archer Armor
26:54 Ballistics
28:18 Town Watch
28:42 Crossbowman
29:27 Thumb Ring
29:47 Hand Cart
33:12 Imperial Age
31:08 Hand Cart
31:22 Scale Barding Armor
31:19 Gold Mining
32:18 Stone Shaft Mining
32:52 Chain Barding Armor
32:43 Forging
33:09 Crossbowman
33:22 Imperial Skirmisher
34:33 Ring Archer Armor
34:04 Bracer
35:05 Chemistry
34:36 Architecture
34:50 Plate Barding Armor
34:44 Heavy Plow
35:21 Iron Casting
36:57 Two-Man Saw
36:22 Murder Holes
36:18 Heated Shot
37:53 Heavy Rocket Cart
38:29 Guard Tower
38:44 Town Patrol
39:51 Keep
39:01 Arrowslits
39:28 Fortified Wall
41:33 Blast Furnace
40:34 Scale Mail Armor
Xochi
5:31 Loom
8:14 Feudal Age
9:28 Horse Collar
12:02 Castle Age
10:04 Double-Bit Axe
10:33 Gold Mining
11:36 Scale Mail Armor
11:26 Arson
21:01 Chain Mail Armor
22:17 Forging
24:55 Wheelbarrow
26:51 Town Watch
27:12 Fletching
27:48 Bow Saw
30:21 Bodkin Arrow
35:16 Imperial Age
33:01 Guard Tower
33:32 Ballistics
33:07 Pikeman
34:25 Iron Casting
35:09 Gold Shaft Mining
34:47 Squires
35:30 Caravan
35:40 Halberdier
36:26 Heavy Plow
36:59 Conscription
36:55 Stone Mining
37:18 Yasama
39:00 Plate Mail Armor
39:42 Chemistry
40:16 Hoardings
41:09 Bracer
{MAMP}Elky
7:11 Feudal Age
11:00 Castle Age
9:03 Double-Bit Axe
9:00 Horse Collar
12:34 Bow Saw
13:31 Heavy Plow
19:06 Wheelbarrow
19:56 Loom
20:04 Gold Mining
20:06 Stone Mining
21:29 Hand Cart
26:34 Imperial Age
24:38 Svan Towers
26:10 Scale Barding Armor
25:56 Fletching
25:54 Town Watch
27:23 Aznauri Cavalry
27:39 Conscription
27:54 Hoardings
27:23 Bodkin Arrow
27:49 Chain Barding Armor
28:37 Chemistry
27:29 Guard Tower
28:00 Ballistics
27:25 Arrowslits
27:52 Masonry
27:17 Onager
29:09 Fortified Wall
29:30 Ballistics
29:07 Murder Holes
29:38 Siege Onager
30:49 Bracer
31:26 Keep
30:42 Arrowslits
30:56 Capped Ram
32:19 Forging
32:45 Plate Barding Armor
32:44 Architecture
32:22 Siege Engineers
32:03 Treadmill Crane
32:25 Siege Ram
32:40 Elite Monaspa
35:08 Iron Casting
35:05 Architecture
36:36 Coinage
37:18 Blast Furnace
36:34 Fortified Wall
36:34 Caravan
USTA
7:18 Feudal Age
11:09 Castle Age
9:22 Double-Bit Axe
9:39 Horse Collar
10:17 Stone Mining
10:27 Gold Mining
10:45 Stone Mining
11:48 Fletching
15:19 Bow Saw
18:27 Bodkin Arrow
20:04 Padded Archer Armor
20:43 Red Cliffs Tactics
22:04 Padded Archer Armor
24:57 Wheelbarrow
25:23 Heavy Plow
29:59 Imperial Age
30:55 Leather Archer Armor
30:48 Bracer
30:40 Loom
32:03 Leather Archer Armor
33:13 Two-Man Saw
32:31 Scale Mail Armor
34:22 Chain Mail Armor
34:18 Forging
35:56 Plate Mail Armor
35:28 Squires
37:09 Iron Casting
36:34 Pikeman
37:42 Halberdier
40:03 Blast Furnace
Kuş Bilge
8:04 Feudal Age
12:17 Castle Age
11:06 Double-Bit Axe
11:44 Horse Collar
13:12 Bow Saw
18:54 Wheelbarrow
19:10 Heavy Plow
20:54 Loom
21:11 Gold Mining
21:42 Hand Cart
22:32 Stone Mining
22:54 Fletching
26:13 Imperial Age
24:26 Ballistics
25:08 Fletching
26:03 Bodkin Arrow
27:03 Warwolf
27:33 Conscription
27:33 Bracer
27:48 Padded Archer Armor
28:28 Siege Engineers
29:26 Chemistry
29:37 Town Watch
30:18 Leather Archer Armor
31:39 Yeomen
32:16 Ring Archer Armor
31:40 Elite Longbowman
34:55 Siege Engineers
34:33 Treadmill Crane
35:04 Masonry
35:29 Husbandry
35:36 Scale Barding Armor
35:42 Forging
38:45 Chain Barding Armor
39:01 Iron Casting
Connection lost

Rejoining the realm…

Still unreachable

The connection could not be restored.

Session expired

The server has moved on; the page needs a fresh start.